 Dungeon Crawl Stone Soup version 0.27-a0-1513-g2aaa0cc67b (webtiles) character file.

Game seed: 10052101042407321833

1395 blackman the Skirmisher (level 9, 0/71 HPs)
             Began as a Human Monk on July 9, 2021.
             Was a Believer of the Shining One.
             Slain by a gnoll (6 damage)
             ... on level 5 of the Dungeon.
             The game lasted 00:13:20 (6732 turns).

blackman the Skirmisher (Human Monk)                Turns: 6732, Time: 00:13:20

Health: 0/71       AC:  6    Str: 14    XL:     9   Next: 0%
Magic:  9/9        EV: 13    Int: 11    God:    the Shining One [**....]
Gold:   257        SH:  0    Dex: 16    Spells: 8/8 levels left

rFire    . . .     SeeInvis .   n - +4 glaive
rCold    . . .     Faith    .   (shield currently unavailable)
rNeg     + . .     Spirit   .   z - +0 steam dragon scales
rPois    .         Reflect  .   (no helmet)
rElec    .         Harm     .   (no cloak)
rCorr    .         Rampage  .   (no gloves)
Will     .....                  (no boots)
Stlth    +.........             (no amulet)
HPRegen  0.21/turn              (no ring)
MPRegen  0.11/turn              (no ring)

@: glowing
A: no striking features
a: Renounce Religion, Divine Shield


You were on level 5 of the Dungeon.
You worshipped the Shining One.
The Shining One was pleased with you.
You visited 1 branch of the dungeon, and saw 5 of its levels.

You collected 257 gold pieces.

Inventory:

Hand Weapons
 a - a +0 hand axe
 n - a +4 glaive (weapon)
Missiles
 r - 10 poisoned darts (quivered)
 w - 5 curare-tipped darts
Armour
 b - a +0 robe
 d - a +0 ring mail
 y - the +2 robe of Tartarus {rPois Regen+}
   (You found it on level 4 of the Dungeon)

   rPois:     It protects you from poison.
   Regen:     It increases your rate of health regeneration.
 z - +0 steam dragon scales (worn)
Jewellery
 c - a ring of protection from cold
Wands
 i - a wand of mindburst (8)
Scrolls
 h - 3 scrolls of teleportation {unknown}
 o - 2 scrolls of summoning
 q - 2 scrolls of noise
 u - 2 scrolls of amnesia
 x - 2 scrolls of identify
Potions
 e - 2 potions of berserk rage {unknown}
 f - 4 potions of curing {unknown}
 g - a potion of attraction {unknown}
 j - 2 potions of brilliance {unknown}
 k - a potion of flight {unknown}
 l - 2 potions of resistance {unknown}
 m - a potion of haste {unknown}
 p - a potion of cancellation {unknown}
 s - a potion of degeneration {unknown}
 t - 2 potions of heal wounds {unknown}
 v - a potion of invisibility {unknown}


   Skills:
 + Level 6.7 Fighting
 - Level 3.5(5.0) Axes
 + Level 5.5(6.0) Polearms
 + Level 5.7 Armour
 - Level 3.0 Dodging
 - Level 2.0 Stealth


You had 8 spell levels left.
You didn't know any spells.
Your spell library was empty.

Dungeon Overview and Level Annotations

Branches:
Dungeon (5/15)             Temple (0/1) D:5

Altars:
Elyvilon
Makhleb
Trog
The Shining One


Message History

Aim: a gnoll, wielding a +0 spear (haloed, about 16% to evade your +4 glaive)
The gnoll is in the way.
You slash the gnoll!
The gnoll is heavily wounded.
The gnoll misses you. The gnoll hits you but does no damage.
The gnoll hits you with a +0 club.
Reach: n) +4 glaive
Press: ? - help, Dir - move target, f/p - gnoll
Aim: a gnoll, wielding a +0 spear (haloed, about 16% to evade your +4 glaive)
You reach to attack!
You barely miss the gnoll. The gnoll barely misses you.
The gnoll hits you with a +0 club.
Reach: n) +4 glaive
Press: ? - help, Dir - move target, f/p - gnoll
Aim: a gnoll, wielding a +0 spear (haloed, about 16% to evade your +4 glaive)
You reach to attack!
You slash the gnoll!
The gnoll is severely wounded.
The gnoll hits you from afar with a +0 spear.
The gnoll hits you with a +0 club.
* * * LOW HITPOINT WARNING * * *
The gnoll hits you but does no damage. The gnoll closely misses you.
Reach: n) +4 glaive
Press: ? - help, Dir - move target, f/p - gnoll
Aim: a gnoll, wielding a +0 spear (severely wounded, haloed, about 16% to evade your +4 glaive)
You reach to attack!
You hit the gnoll but do no damage.
The gnoll is severely wounded.
The gnoll misses you. The gnoll hits you with a +0 club.
* * * LOW HITPOINT WARNING * * *
Reach: n) +4 glaive
Press: ? - help, Dir - move target, f/p - gnoll
Aim: a gnoll, wielding a +0 spear (severely wounded, haloed, about 16% to evade your +4 glaive)
The gnoll is in the way.
You hit the gnoll.
The gnoll is almost dead.
The gnoll completely misses you. The gnoll hits you with a +0 club.
* * * LOW HITPOINT WARNING * * *
The gnoll hits you from afar with a +0 spear.
* * * LOW HITPOINT WARNING * * *
You barely miss the gnoll.
The gnoll is almost dead.
The gnoll completely misses you. The gnoll hits you but does no damage.
The gnoll hits you with a +0 club.
You die...

#####...# #.......#
#.......# ###.......###
#<'....≈≈≈≈≈≈
###....≈##≈≈≈# ####.≈######
#.≈≈#g..# #..@g).$#≈≈
##≈≈#...#≈≈###
#≈#######≈(.# #≈##≈≈≈##≈..#
#########≈≈≈≈≈≈≈≈≈..#
#...........# #.....#
#......##...###.....#######
#..........................
#......##...........###....


You could see 2 gnolls.

Vanquished Creatures
  A steam dragon (D:5)
  Menkaure (D:5)
  3 black bears
  An ogre (D:5)
  A phantom (D:4)
  A gnoll sergeant (D:5)
  A scorpion (D:4)
  3 water moccasin skeletons (D:4)
  A centaur zombie (D:5)
  A crimson imp (D:3)
  2 jellies (D:5)
  A hound (D:4)
  An orc wizard (D:5)
  A hound zombie (D:5)
  10 gnolls
  6 adders
  2 ufetubi
  2 worms
  4 dart slugs
  6 orcs
  6 bats
  5 endoplasms
  3 giant cockroaches
  13 goblins
  5 hobgoblins
  6 jackals
  2 quokkas (D:1)
  7 ball pythons
  2 goblin skeletons (D:3)
  3 goblin zombies (D:3)
  A hobgoblin zombie (D:3)
  10 kobolds
  A kobold skeleton (D:3)
  3 orc zombies (D:3)
  5 rats
121 creatures vanquished.

Notes
Turn   | Place    | Note
-------+----------+-------------------------------------------
     0 | D:1      | blackman the Human Monk began the quest for the Orb.
     0 | D:1      | Reached XP level 1. HP: 18/18 MP: 1/1
   303 | D:1      | Reached XP level 2. HP: 24/24 MP: 2/2
   525 | D:1      | Reached skill level 1 in Armour
   546 | D:1      | Reached XP level 3. HP: 18/29 MP: 3/3
  1438 | D:2      | Reached XP level 4. HP: 36/36 MP: 4/4
  1686 | D:2      | Found a faded altar of an unknown god.
  1691 | D:2      | Became a worshipper of Elyvilon the Healer
  1691 | D:2      | Reached * piety under Elyvilon
  1691 | D:2      | Reached ** piety under Elyvilon
  1851 | D:2      | Reached *** piety under Elyvilon
  2400 | D:3      | Reached skill level 1 in Polearms
  2419 | D:3      | Found a bloodstained altar of Trog.
  2470 | D:3      | Found a glowing golden altar of the Shining One.
  2488 | D:3      | Reached skill level 4 in Fighting
  2488 | D:3      | Reached XP level 5. HP: 41/42 MP: 5/5
  2490 | D:3      | Fell from the grace of Elyvilon
  2490 | D:3      | Became a worshipper of the Shining One
  2490 | D:3      | Reached * piety under the Shining One
  3127 | D:4      | Reached ** piety under the Shining One
  3210 | D:4      | Reached XP level 6. HP: 41/49 MP: 6/6
  3542 | D:4      | Reached XP level 7. HP: 42/55 MP: 7/7
  3633 | D:4      | Reached skill level 5 in Fighting
  3891 | D:4      | Found a burning altar of Makhleb.
  3901 | D:4      | Identified the +2 robe of Tartarus {rPois Regen+}
  4559 | D:5      | Entered Level 5 of the Dungeon
  4606 | D:5      | Reached XP level 8. HP: 44/63 MP: 8/8
  5311 | D:5      | Reached skill level 6 in Fighting
  5311 | D:5      | Reached skill level 5 in Armour
  5763 | D:5      | Reached skill level 5 in Polearms
  6571 | D:5      | Noticed Menkaure
  6574 | D:5      | Found a staircase to the Ecumenical Temple.
  6577 | D:5      | Killed Menkaure
  6726 | D:5      | Reached XP level 9. HP: 33/71 MP: 9/9
  6732 | D:5      | Slain by a gnoll

Illustrated notes

Levels and vault maps discovered:
D:1:      minmay_arrival_open_corners, layout_rooms, minmay_indecisive_spiral
D:2:      layout_loops_corners, hellmonk_ecumenical_altar_leap_of_faith
D:3:      minmay_wonky_spiral, layout_basic, bloody_trog,
          nicolae_tso_besieged_by_evil, mrwooster_statue_mirror
D:4:      layout_loops_corners, lightli_temple_of_fire, minivault_19,
          minmay_puff
D:5:      layout_basic, lemuel_temple_firewalk_b, lightli_minifort,
          uniq_menkaure

Skill      XL: |  1  2  3  4  5  6  7  8 |
---------------+-------------------------+-----
Armour         | 1 2 3 4 5 |  5.7
Polearms       | 1 2 3 4 5 |  5.5
Fighting       | 4 5 6 |  6.7
Axes           | |  3.5
Dodging        | |  3.0
Stealth        | |  2.0

Action                   |  1- 3 |  4- 6 |  7- 9 || total
-------------------------+-------+-------+-------++-------
Melee: Hand axe          |    92 |       |       ||    92
       Glaive            |     5 |   114 |   116 ||   235
  Use: Scroll            |       |     4 |     2 ||     6
 Stab: Distracted        |     1 |       |       ||     1
       Sleeping          |       |     3 |       ||     3
Armor: Ring mail         |    30 |    46 |    47 ||   123
       Steam dragon scal |       |       |     7 ||     7
Dodge: Dodged            |    50 |    64 |    85 ||   199

Table legend: (Time is in decaauts)
 A = Elapsed time spent in this place.
 B = Non-inter-level travel time spent in this place.
 C = Inter-level travel time spent in this place.
 D = Time resting spent in this place.
 E = Time spent auto-exploring this place.
 F = Levels seen in this place.
 G = Mean time per level.
                   A        B        C        D        E       F      G
               +--------+--------+--------+--------+--------+-----+--------+
         Total |   6864 |   6776 |     88 |   1062 |   4868 |   5 | 1372.8 |
       Dungeon |   6864 |   6776 |     88 |   1062 |   4868 |   5 | 1372.8 |
               +--------+--------+--------+--------+--------+-----+--------+

Top non-repeatable levels by time:
     D:5: 2209 daAuts
     D:4: 1610 daAuts
     D:3: 1105 daAuts
     D:2: 996 daAuts
     D:1: 942 daAuts
